 Dungeon Crawl Stone Soup version 0.28.0-62-gf88900778d (webtiles) character file.

Game seed: 14049423665078290881

10604 Nonny the Grappler (level 11, -8/109 HPs)
             Began as a Troll Transmuter on Apr 16, 2023.
             Was an Initiate of Ashenzari.
             Mangled by an entropy weaver simulacrum (12 damage)
             ... in an ice cave.
             The game lasted 00:38:54 (9153 turns).

Nonny the Grappler (Troll Transmuter)               Turns: 9153, Time: 00:38:56

Health: -8/109     AC:  6    Str: 20    XL:     11   Next: 38%
Magic:  14/14      EV: 10    Int: 11    God:    Ashenzari [......]
Gold:   1070       SH:  0    Dex: 19    Spells: 4/16 levels left

rFire   + . .      SeeInvis .     - Unarmed
rCold   + + .      Faith    .   (no shield)
rNeg    + + .      Spirit   .   E - +0 robe of the Elephant {Drain Int-2 Dex+9 Archmagi}
rPois   .          Reflect  .   (helmet currently unavailable)
rElec   .          Harm     .   L - +1 cloak {rC+}
rCorr   .          Rampage  .   (gloves unavailable)
Will    .....      Archmagi +   (boots unavailable)
Stlth   ++........              (no amulet)
HPRegen 1.08/turn               H - ring of ice
MPRegen 0.14/turn               v - ring "Mantic Heresy" {Wiz rF++ rN++, Fort, Comp} (curse)

@: appendages
A: horns 2, talons 2, large, unfitting armour, claws 3, regeneration 1, shaggy
fur 1, tough skin 1
a: End Transformation, Renounce Religion, Curse Item, Shatter the Chains


You were in an ice cave.
You worshipped Ashenzari.
Ashenzari was noncommittal.
You had temporarily grown beastly horns and talons.
You visited 3 branches of the dungeon, and saw 11 of its levels.
You also visited: Bailey and Ice Cave.

You collected 1423 gold pieces.
You spent 353 gold pieces at shops.

Inventory:

Hand Weapons
 A - a +2 antimagic whip
Missiles
 q - 6 silver javelins
 w - 5 atropa-tipped darts
 B - 2 curare-tipped darts
 K - 3 poisoned darts
Armour
 E - the +0 robe of the Elephant (worn) {Drain Int-2 Dex+9 Archmagi}
   (You found it on level 8 of the Dungeon)

   Int:       It affects your intelligence (-2).
   Dex:       It affects your dexterity (+9).
   Drain:     It drains your maximum health when unequipped.
   Archmagi:  It increases the power of your magical spells.
 L - a +1 cloak of cold resistance (worn)
Jewellery
 a - a +4 ring of protection
 d - a ring of protection from fire
 k - a +6 ring of strength
 s - a ring of see invisible
 v - the cursed ring "Mantic Heresy" (right claw) {Wiz rF++ rN++, Fort, Comp}
   (You bought it in a shop on level 2 of the Dungeon)

   [ring of wizardry]

   It improves your spell success rate.
   rF:        It greatly protects you from fire.
   rN:        It greatly protects you from negative energy.
   It has a curse which improves the following skills: Fortitude: Armour and
   Shields.
   Companions: Summonings and Necromancy.
 H - a ring of ice (left claw)
Wands
 m - a wand of polymorph (8)
 p - a wand of digging (8)
 D - a wand of mindburst (5)
Scrolls
 b - a scroll of enchant weapon
 c - a scroll of summoning
 f - 2 scrolls of amnesia
 l - 2 scrolls of teleportation
 n - 2 scrolls of holy word
 o - 3 scrolls of immolation
 r - 2 scrolls of brand weapon
 u - 2 scrolls of magic mapping
 y - 2 scrolls of fog
 F - 2 scrolls of fear
 J - a scroll of torment {unknown}
Potions
 e - 2 potions of brilliance
 g - a potion of resistance
 h - 3 potions of magic
 i - a potion of ambrosia
 j - a potion of heal wounds
 t - 2 potions of flight
 x - 4 potions of curing
 z - 3 potions of haste
 C - a potion of mutation
 I - a potion of lignification
Miscellaneous
 G - a phial of floods


   Skills:
 + Level 7.6 Fighting
 - Level 1.5 Dodging
 + Level 9.6 Unarmed Combat
 - Level 3.1 Spellcasting
 + Level 7.1 Transmutations
 + Level 7.0 Earth Magic


You had 4 spell levels left.
You knew the following spells:

 Your Spells              Type           Power      Damage    Failure   Level
a - Beastly Appendage     Tmut           52%        N/A       1%          1
b - Wereblood             Tmut           26%        N/A       1%          2
c - Spider Form           Tmut/Pois      14%        N/A       8%          3
d - Statue Form           Tmut/Erth      17%        N/A       61%         6

Your spell library contained the following spells:

 Spells                   Type           Power      Damage    Failure   Level
 Petrify                  Tmut/Erth      26%        N/A       6%          4
 Freeze                   Ice            12%        1d4       11%         1
 Ice Form                 Ice/Tmut       21%        N/A       24%         4
 Frozen Ramparts          Ice            6%         1d2       30%         3
 Hailstorm                Conj/Ice       3%         3d3       67%         4
 Summon Ice Beast         Ice/Summ       3%         N/A       67%         4
 Metabolic Englaciation   Hex/Ice        1%         N/A       94%         5


Dungeon Overview and Level Annotations

Branches:
Dungeon (9/15)             Temple (1/1) D:6            Lair (1/6) D:9
 Bailey (visited)           IceCv (1/1)
    Orc: D:9-12

Altars:
Ashenzari
Cheibriados
Dithmenos
Elyvilon
Fedhas
Gozag
Hepliaklqana
Kikubaaqudgha
Makhleb
Nemelex Xobeh
Okawaru
Qazlal
Ru
Sif Muna
Trog
Uskayaw
Vehumet
Wu Jian
Xom
Yredelemnul
Zin
The Shining One

Shops:
D:2 *   D:9 *


Innate Abilities, Weirdness & Mutations

You have temporarily grown beastly horns and talons.
You are too large for most types of armour.
You have claws for hands.
Your natural rate of healing is unusually fast.
You are covered in fur. (AC +1)
You have tough skin. (AC +1)


Message History

The bog body gestures at you while chanting.
You resist with significant effort.
You claw the bog body! x2; You headbutt the bog body!
You claw the bog body!
You feel a bit better.
You destroy the bog body!
Your Earth Magic skill increases to level 7!
An entropy weaver simulacrum and a dire elephant simulacrum come into view.
The entropy weaver simulacrum hits you but does no damage. x3
The entropy weaver simulacrum hits you.
The entropy weaver simulacrum freezes you!
You resist.
A bog body comes into view.
You howl as the wereblood boils in your veins!
A death yak simulacrum comes into view.
You howl as the wereblood boils in your veins!
Your primal bloodlust is almost over.
You mangle the entropy weaver simulacrum!!
You claw the entropy weaver simulacrum.
You headbutt the entropy weaver simulacrum!
The entropy weaver simulacrum is almost destroyed.
Your primal bloodlust has ended.
The entropy weaver simulacrum barely misses you.
The entropy weaver simulacrum hits you!
The entropy weaver simulacrum freezes you!
You resist.
* * * LOW HITPOINT WARNING * * *
The entropy weaver simulacrum hits you but does no damage. x2
You scratch the entropy weaver simulacrum.
You claw the entropy weaver simulacrum, but do no damage.
The entropy weaver simulacrum is almost destroyed.
The entropy weaver simulacrum hits you!
* * * LOW HITPOINT WARNING * * *
The entropy weaver simulacrum freezes you!
You resist.
* * * LOW HITPOINT WARNING * * *
The entropy weaver simulacrum hits you!
* * * LOW HITPOINT WARNING * * *
The entropy weaver simulacrum freezes you!
You resist.
You die...

### ######## ########
.≈######......## ##......##
##≈≈##..##.....####..###...##
###≈≈≈######....#...###.....#
####≈≈≈≈≈≈≈###....### ##...##
.##≈≈≈≈≈≈≈##..####### #..###
##≈≈≈≈≈≈≈####.####..####..#
##≈≈≈≈≈≈≈≈≈#.#.#@.##.#..###
.#≈≈≈≈≈≈≈≈###nZZ#####.###
.##≈≈≈≈≈≈##...### ###
..##≈≈≈###..### #########..##
# ##..# # ##...# # ##....#
#n....#


You could see a bog body, a dire elephant simulacrum and an entropy weaver
simulacrum.

Vanquished Creatures
  A vault guard (Bailey)
  A bog body (IceCv)
  An ugly thing (IceCv)
  An ice statue (IceCv)
  A cane toad (Lair:1)
  An anaconda simulacrum (IceCv)
  An entropy weaver simulacrum (IceCv)
  A troll (D:9)
  Grinder (D:6)
  Prince Ribbit (Bailey)
  4 yaks (D:9)
  2 wyverns (D:7)
  A vampire (D:9)
  2 humans (Bailey)
  4 steam dragons
  2 death yak simulacra (IceCv)
  4 water moccasins
  4 orc warriors
  2 sky beasts (D:6)
  A black bear (D:7)
  2 ice beasts
  4 wolves (Lair:1)
  A necrophage (D:6)
  A phantom (D:6)
  3 ogres
  A centaur (D:9)
  2 lemures (D:7)
  9 two-headed ogre simulacra (IceCv)
  A wyvern zombie (D:7)
  A scorpion (D:4)
  11 bullfrogs
  3 cane toad simulacra (IceCv)
  3 elephant simulacra (IceCv)
  4 howler monkeys
  3 centaur zombies
  A bullfrog zombie (D:5)
  A hound (D:6)
  5 orc priests
  A gnoll shaman (D:6)
  5 iguanas
  2 jellies
  5 orc wizards
  5 troll simulacra (IceCv)
  4 spriggan simulacra (IceCv)
  2 polar bear simulacra (IceCv)
  2 killer bee zombies
  A howler monkey zombie (D:7)
  9 gnolls
  2 howler monkey skeletons
  8 naga simulacra (IceCv)
  6 adders
  6 white imps
  6 ufetubi
  A worm (D:5)
  3 dart slugs
  23 orcs
  9 endoplasms
  5 giant cockroaches
  9 goblins
  7 hobgoblins
  4 jackals (D:3)
  6 kobolds
  2 quokkas
  4 ball pythons
  4 bats
  A frilled lizard (D:3)
  5 rats
239 creatures vanquished.

Vanquished Creatures (others)
  18 fungi (D:8)
18 creatures vanquished.

Grand Total: 257 creatures vanquished

Notes
Turn   | Place    | Note
-------+----------+-------------------------------------------
     0 | D:1      | Nonny the Troll Transmuter began the quest for the Orb.
     0 | D:1      | Reached XP level 1. HP: 18/18 MP: 1/1
     8 | D:1      | Starting vault: ummm idk
   183 | D:1      | Crystal wall vault in the south.
   206 | D:1      | Book of Frost towards southeast.
   301 | D:1      | Reached skill level 1 in Fighting
   317 | D:1      | Reached XP level 2. HP: 27/27 MP: 0/3
   642 | D:1      | rF+ ring towards the north/center
   860 | D:1      | Found a faded altar of an unknown god.
   955 | D:1      | interesting vault
  1306 | D:2      | Reached XP level 3. HP: 33/33 MP: 4/4
  1309 | D:2      | Learned a level 2 spell: Wereblood
  1365 | D:2      | This is a 4chamber floor.
  1469 | D:2      | Found Purusyp's Assorted Antiques.
  1946 | D:3      | Reached XP level 4. HP: 38/41 MP: 5/5
  1950 | D:3      | Learned a level 3 spell: Spider Form
  1973 | D:3      | +6 ring of strength
  2521 | D:4      | Noticed an ogre
  2526 | D:4      | Killed an ogre
  2527 | D:4      | Reached XP level 5. HP: 34/49 MP: 5/7
  2632 | D:4      | Reached skill level 4 in Unarmed Combat
  2773 | D:4      | Reached XP level 6. HP: 14/59 MP: 8/8
  2777 | D:4      | fuming golden potion - heal wounds
  2790 | D:4      | HP: 1/59 [iguana (10)]
  2974 | D:4      | Found a hide-covered altar of Uskayaw.
  2977 | D:4      | Found an ancient bone altar of Kikubaaqudgha.
  2996 | D:4      | Identified the +1 leather armour of Spring Thaw {+Inv rC+
                  | rCorr SInv}
  3281 | D:2      | Bought a brightly glowing granite ring for 115 gold pieces
  3281 | D:2      | Identified the ring of Megalomania {Wiz rF++ rN++} (You
                  | bought it in a shop on level 2 of the Dungeon)
  3469 | D:5      | Entered Level 5 of the Dungeon
  3680 | D:5      | Book of Rime
  3700 | D:5      | Reached XP level 7. HP: 61/66 MP: 6/9
  4099 | D:6      | Reached skill level 5 in Unarmed Combat
  4132 | D:6      | Found a staircase to the Ecumenical Temple.
  4132 | D:6      | Noticed Grinder
  4241 | D:6      | Noticed a basilisk
  4293 | D:6      | Learned a level 6 spell: Statue Form
  4314 | D:6      | Reached XP level 8. HP: 70/78 MP: 11/11
  4352 | D:6      | Reached skill level 1 in Earth Magic
  4405 | D:6      | HP: 2/78 [iguana (13)]
  4422 | D:6      | Reached skill level 6 in Unarmed Combat
  4620 | Temple   | Entered the Ecumenical Temple
  4990 | Temple   | Became a worshipper of Ashenzari the Shackled
  5228 | D:6      | Killed Grinder
  5229 | D:6      | Reached XP level 9. HP: 85/87 MP: 12/12
  5515 | D:7      | staff of conjuration
  5551 | D:7      | Found a flagged portal.
  5580 | D:7      | dark potion - might
  5580 | D:7      | LUTIXO WYSSIH - identify
  5581 | D:7      | silvery potion - brilliance
  5582 | D:7      | bubbling purple potion - ambrosia
  5583 | D:7      | ruby potion - haste
  5584 | Bailey   | Entered a bailey
  5613 | Bailey   | Reached skill level 5 in Fighting
  5633 | Bailey   | Reached skill level 7 in Unarmed Combat
  5644 | Bailey   | Reached skill level 5 in Transmutations
  5730 | Bailey   | Noticed Prince Ribbit
  5730 | Bailey   | Noticed a vault guard
  5741 | Bailey   | Killed Prince Ribbit
  5770 | Bailey   | Killed a vault guard
  5771 | Bailey   | Netting works!
  5808 | Bailey   | Noticed a vault guard
  5847 | Bailey   | ELUANA PAKK - amnesia
  5873 | Bailey   | ALAN FIKLIMARUFANT - brand weapon
  5874 | Bailey   | VASETUYMORGH - magic mapping
  5875 | Bailey   | UMEISHIROASS - enchant weapon
  5876 | Bailey   | ETSOAR OMPIOLI - teleportation
  5918 | Bailey   | QONORR HASTIE - vulnerability
  5918 | Bailey   | Noticed a minotaur
  5918 | Bailey   | a vault guard changed into a minotaur
  5962 | Bailey   | viscous coppery potion - protection
  6054 | D:7      | Noticed Pikel
  6074 | D:7      | Noticed Pikel
  6074 | D:7      | Pikel changed into Pikel the wyvern
  6080 | D:7      | Killed Pikel the wyvern
  6091 | D:7      | Reached skill level 5 in Earth Magic
  6091 | D:7      | Reached XP level 10. HP: 52/98 MP: 13/13
  6124 | D:7      | Reached skill level 8 in Unarmed Combat
  6297 | D:7      | Noticed Joseph
  6299 | D:7      | Noticed Joseph
  6299 | D:7      | Joseph changed into Joseph the black bear
  6306 | D:7      | Killed Joseph the black bear
  6619 | D:8      | Noticed Psyche
  6700 | D:8      | Reached * piety under Ashenzari
  6752 | D:8      | Noticed Psyche
  6752 | D:8      | Psyche changed into Psyche the bullfrog
  6758 | D:8      | Killed Psyche the bullfrog
  6803 | D:8      | Killed like three steam dragons already.
  6852 | D:8      | Four steam dragons.
  7104 | D:8      | Identified the +0 robe of the Elephant {Drain Int-2 Dex+9
                  | Archmagi}
  7701 | D:9      | Found Ifunofaj's Assorted Antiques.
  7708 | D:9      | Bought a potion of brilliance for 92 gold pieces
  7708 | D:9      | Bought a scroll of magic mapping for 80 gold pieces
  7708 | D:9      | Bought a bubbling brown potion for 20 gold pieces
  7708 | D:9      | Bought a scroll labelled EKLATY WIUHAW for 23 gold pieces
  7708 | D:9      | Bought a scroll labelled AKYUTARIWI for 23 gold pieces
  7710 | D:9      | Acquired 763 gold pieces
  7799 | D:9      | Found a staircase to the Lair.
  8128 | Lair:1   | Entered Level 1 of the Lair of Beasts
  8130 | Lair:1   | Three freaking burning bushes here.
  8198 | Lair:1   | Noticed a cane toad
  8206 | Lair:1   | Reached skill level 9 in Unarmed Combat
  8215 | Lair:1   | Killed a cane toad
  8232 | Lair:1   | Found a frozen archway.
  8251 | Lair:1   | Ice cave in southwest. Book of Changes here too.
  8255 | IceCv    | Entered an ice cave
  8300 | IceCv    | Reached XP level 11. HP: 48/109 MP: 14/14
  8447 | IceCv    | Noticed a white ugly thing
  8458 | IceCv    | HP: 4/109 [white ugly thing (8)]
  8463 | IceCv    | Killed a white ugly thing
  9110 | IceCv    | Noticed a bog body
  9138 | IceCv    | Killed a bog body
  9144 | IceCv    | Noticed a bog body
  9153 | IceCv    | HP: 4/109 [entropy weaver simulacrum (8)]
  9153 | IceCv    | Mangled by an entropy weaver simulacrum

Illustrated notes .### #### ... ...########.# #.........### #....(....≈≈# #....@..≈≈≈# #........≈≈# #≈≈≈≈≈(..≈≈# #≈≈≈≈...≈≈≈# #≈≈≈≈.≈≈≈≈≈# #≈≈≈≈≈≈≈≈≈≈# ##≈≈≈≈≈≈≈### ........... ......######## Turn 8 on D:1: Starting vault: ummm idk ################ #.# .... +.....†........###.# .... #######...##....##.# ..... ##..#.....#..#.# ..... ##.##.#.#.#.##..### ...... ##.##.⌠.###.8.##...# ......###.####.#.#.#.####..# ..........#.#.#.#.#.###.#..# .. .....#..#.⌠.###@⌠.###.⌠.#.###... ### #...#.#.#.#.###.#.#.......# #...####.###.#.####...##### ##...##.⌠.###.♣.##...## ##...##.#.###.##...## ##....#.....#..#### ##.....###...## ##.†......### ########## Turn 183 on D:1: Crystal wall vault in the south. ###.#.# ....#.# ###...# ############## #.### #.............# #.# #.............# #.# +.............# #.# #.......(.....# # #.# #.............# ###.# #.......@.....# .##.# #...(.........# ..#.# #.............# ##..### #............?# .##...# #..............# ####..# #............... ##.#..# #.............## #.⌠.#.###.............# .#.#.......############ Turn 206 on D:1: Book of Frost towards southeast.

#.# #≈≈≈≈...≈≈≈# #.#.....#.#
#.# #≈≈≈≈.≈≈≈≈≈# #.#.#.###.#
#.# #≈≈≈≈≈≈≈≈≈≈# #.#.#...#.#
####.# ###≈≈≈≈≈≈≈###
#.#.......# ...#.###...........
#.#..##.###
##.#.#......###########.#.....#
#.#.#.####.# #............###
#.#.#.# #.# #.#########.##
#.#.#.####.# #@# ..#.#
#.#.#...##.# #.# #.#.#.#
#.....#.##.# #.# #.#.#.#
###.#.#.##.# #.# #.#.#.#
.....#.##.# #.# #.#.#.###
###.###.##.# ..# #.#.....+
#........# ### #.#.#.###
#####.#..# #######.#.#.#
...#..# ..........#.#


Turn 642 on D:1: rF+ ring towards the north/center ####### #.###'### #.#PPPPP#
#.#PPPPP# ###PPP..# ##############P.P..# ............###.PP## ............#
##P## ............# #_# ......(.....# ##@## ............###...##
............##.....# ..(.........##...P)# ............##...PP#
............##.....# .............###'### .................# ............######
Turn 955 on D:1: interesting vault # #.#.# #####.### ###.#.# #.# ......# #.#
###.### ##'## #.# ##...## #.#### ##.....## #^##.## ##.......##
#.#...####......)..# #........'....@....+ ###.#...####.........# ........#
##.......## .##.###.# ##.....## .##.###.# ##.......# .##...#.# #..####.#
......†.# #..# # #####.### #..#### #.# #..#.. Turn 1365 on D:2: This is a
4chamber floor. . #.## #.... .# ##.####..####.### $.# ..............# ...
#..#.#........# #.#####.###...♣.♣...# #...?....#.#...♣.♣..# #.....>
#..#.....♣..# #.....# #......♣.....# #....@###.............
#..........#.......... #.....####.#######.... #.....# #..# #### ####### ##.# #.#
#.# #.# #.# Turn 1973 on D:3: +6 ring of strength #.....###... #.. ..........
##.# ## .......# ..# .[# #....# ##).#..$ #...####Sg.#.w ##...#...S##.# ..
##......§..#.# .. ##...#....##S# .# ##..####...#@#...# .####..## #.##.##..##
......## #.#$#...## ......# #.## ...# ......## #.. #.. .......### #.. ##
..###....### †## ###....# ## ##...# Turn 2777 on D:4: fuming golden potion -
heal wounds #........# ## #........###. ####........##.. ###...........#.(.
######...#.........#... #.......<..........#... #.........#........#...
#.........########.#... ##....@#####...##...... ......#### ##..........#. .....#
#............# ...#.. #............# ######.### #...........)#
#....###..........)). #....†#....#...... ####....#..#.##.....
###....##.[.##........ Turn 3680 on D:5: Book of Rime ..# #.# #.# ... ### #.#
... #.# ##.##.# ...#...#|###### .......@......# ...#..........## ####........#
#........#### ###............ ........<..##### .###.#..##.# #.#... .# .....# .#
Turn 5515 on D:7: staff of conjuration #.###.## #.......# #...... #.......#
#..≈≈≈ #.......# # #.≈≈####≈.# #.......# # #.≈≈#.>#≈.###.......# #
#.)≈'..#≈..##.##.##.### ##.(≈'..#≈..##.##....... #.()≈'..#≈..##........##
#..≈≈#.@#≈..##........#. #..≈≈####≈..##..#....... ####..≈≈≈≈≈≈≈............#.
..........................## ..#......#.####...........#
#.####.#....>....#.....### ... #.###########.....#.. #.>. ... #...###.# #.. ..#.
#...# Turn 5580 on D:7: dark potion - might #.###.## #.......# #...... #.......#
#..≈≈≈ #.......# # #.≈≈####≈.# #.......# # #.≈≈#.>#≈.###.......# #
#.)≈'..#≈..##.##.##.### ##.(≈'..#≈..##.##....... #.()≈'..#≈..##........##
#..≈≈#.@#≈..##........#. #..≈≈####≈..##..#....... ####..≈≈≈≈≈≈≈............#.
..........................## ..#......#.####...........#
#.####.#....>....#.....### ... #.###########.....#.. #.>. ... #...###.# #.. ..#.
#...# Turn 5581 on D:7: silvery potion - brilliance #.###.## #.......# #......
#.......# #..≈≈≈ #.......# # #.≈≈####≈.# #.......# # #.≈≈#.>#≈.###.......# #
#.)≈'..#≈..##.##.##.### ##.(≈'..#≈..##.##....... #.()≈'..#≈..##........##
#..≈≈#.@#≈..##........#. #..≈≈####≈..##..#....... ####..≈≈≈≈≈≈≈............#.
..........................## ..#......#.####...........#
#.####.#....>....#.....### ... #.###########.....#.. #.>. ... #...###.# #.. ..#.
#...# Turn 5582 on D:7: bubbling purple potion - ambrosia #.###.## #.......#
#...... #.......# #..≈≈≈ #.......# # #.≈≈####≈.# #.......# #
#.≈≈#.>#≈.###.......# # #.)≈'..#≈..##.##.##.### ##.(≈'..#≈..##.##.......
#.()≈'..#≈..##........## #..≈≈#.@#≈..##........#. #..≈≈####≈..##..#.......
####..≈≈≈≈≈≈≈............#. ..........................##
..#......#.####...........# #.####.#....>....#.....### ... #.###########.....#..
#.>. ... #...###.# #.. ..#. #...# Turn 5583 on D:7: ruby potion - haste
#≈≈≈≈≈#....## ##≈≈≈≈≈'.....## .##≈≈≈≈#......# ..'≈≈≈##....#######
..######..###≈≈≈≈≈### ..'....#)##≈≈≈≈≈≈≈≈≈## .##..)...#≈≈≈≈≈≈≈≈≈≈≈##
##.......##≈≈≈≈≈≈)≈≈≈≈# #...#######≈≈...@≈≈≈≈## #..##..#≈≈≈≈†.≈.≈.≈.##
#...#..#.†.......≈..# #...#).'.†≈≈≈≈....≈.'..∩.p. ##.....#≈≈≈≈≈≈≈≈.≈..#.....$
##....#≈≈####≈≈≈≈≈.##....? ######### ###≈≈..≈###### ##≈.≈≈≈# #≈.≈≈## Turn 5771
on Bailey: Netting works! ########## ##≈≈≈##...## #≈≈≈≈≈#....##
#####≈≈≈≈≈'.....## ##...##p≈≈≈#......# #..∩..@≈≈≈##p...#######
#.....######..###≈≈≈≈≈# #..∩..'....#)##≈≈≈≈≈≈≈≈ ##...##..)...#≈≈≈≈≈≈≈≈≈
#####.......##≈≈≈≈≈≈)≈ #...#######≈≈....≈≈ #..##..#≈≈≈≈†.≈.≈.≈
#...#..#.†.......≈. #...#).'.†≈≈≈≈....≈ Turn 5847 on Bailey: ELUANA PAKK -
amnesia ≈≈≈≈'.....## ≈≈≈≈#......# ≈≈≈##p...####### #####..###≈≈≈≈≈###
....#)##≈≈≈≈≈≈≈≈≈## ..)...#≈≈≈≈≈≈≈≈≈≈≈## ......##≈≈≈≈≈≈)≈≈≈≈#
.#######≈≈....≈p≈≈####### ##..#≈≈≈≈†.≈.≈.≈@##.....## .#..#.†.......≈..#.......#
.#).'.†≈≈≈≈....≈.'..∩....# ....#≈≈≈≈≈≈≈≈.≈..#.......# ....#≈≈####≈≈≈≈≈.##.....##
########!?###≈≈..≈####### #...≈##≈.≈≈≈# #≈...≈#≈.≈≈## #≈≈..#≈.≈## Turn 5873 on
Bailey: ALAN FIKLIMARUFANT - brand weapon ≈≈≈≈'.....## ≈≈≈≈#......#
≈≈≈##p...####### #####..###≈≈≈≈≈### ....#)##≈≈≈≈≈≈≈≈≈## ..)...#≈≈≈≈≈≈≈≈≈≈≈##
......##≈≈≈≈≈≈)≈≈≈≈# .#######≈≈....≈p≈≈####### ##..#≈≈≈≈†.≈.≈.≈@##.....##
.#..#.†.......≈..#.......# .#).'.†≈≈≈≈....≈.'..∩....# ....#≈≈≈≈≈≈≈≈.≈..#.......#
....#≈≈####≈≈≈≈≈.##.....## ########!?###≈≈..≈####### #...≈##≈.≈≈≈# #≈...≈#≈.≈≈##
*#≈≈..#≈.≈## Turn 5874 on Bailey: VASETUYMORGH - magic mapping ≈≈≈≈'.....##
≈≈≈≈#......# ≈≈≈##p...####### #####..###≈≈≈≈≈### ....#)##≈≈≈≈≈≈≈≈≈##
..)...#≈≈≈≈≈≈≈≈≈≈≈## ......##≈≈≈≈≈≈)≈≈≈≈# .#######≈≈....≈p≈≈#######
##..#≈≈≈≈†.≈.≈.≈@##.....## .#..#.†.......≈..#.......# .#).'.†≈≈≈≈....≈.'..∩....#
....#≈≈≈≈≈≈≈≈.≈..#.......# ....#≈≈####≈≈≈≈≈.##.....## ########!?###≈≈..≈#######
#...≈##≈.≈≈≈# #≈...≈#≈.≈≈## *#≈≈..#≈.≈## Turn 5875 on Bailey: UMEISHIROASS -
enchant weapon ≈≈≈≈'.....## ≈≈≈≈#......# ≈≈≈##p...####### #####..###≈≈≈≈≈###
....#)##≈≈≈≈≈≈≈≈≈## ..)...#≈≈≈≈≈≈≈≈≈≈≈## ......##≈≈≈≈≈≈)≈≈≈≈#
.#######≈≈....≈p≈≈####### ##..#≈≈≈≈†.≈.≈.≈@##.....## .#..#.†.......≈..#.......#
.#).'.†≈≈≈≈....≈.'..∩....# ....#≈≈≈≈≈≈≈≈.≈..#.......# ....#≈≈####≈≈≈≈≈.##.....##
########!?###≈≈..≈####### #...≈##≈.≈≈≈# #≈...≈#≈.≈≈## *#≈≈..#≈.≈## Turn 5876 on
Bailey: ETSOAR OMPIOLI - teleportation ########## ##≈≈≈##...## #≈≈≈≈≈#....##
#####≈≈≈≈≈'.....## ##...##p≈≈≈#......# #..∩..@≈≈≈##....#######
#.....######..###≈≈≈≈≈# #..∩..'....#)##≈≈≈≈≈≈≈≈ ##...##..)...#≈≈≈≈≈≈≈≈≈
#####.......##≈≈≈≈≈≈)≈ #...#######≈≈....≈≈ #..##..#≈≈≈≈†.≈.≈.≈
#...#..#.÷.......≈. #..p#).'.÷≈≈≈≈....≈ Turn 5918 on Bailey: QONORR HASTIE -
vulnerability #....####### #..###≈≈≈≈≈### #)##≈≈≈≈≈≈≈≈≈## ..#≈≈≈≈≈≈≈≈≈≈≈##
..##≈≈≈≈≈≈)≈≈≈≈# ####≈≈....≈≈≈≈####### #≈≈≈≈÷.≈.≈.≈.##.....##
#.÷.......≈..#.......# '.÷≈≈≈≈....≈.'H.@....# #≈≈≈≈≈≈≈≈.≈..#.......#
#≈≈####≈≈≈≈≈.##.....## ####..###≈≈..≈####### #...≈##≈.≈≈≈# #≈...≈#≈.≈≈##
##≈≈..#≈.≈## ###≈.'.### ###### Turn 5962 on Bailey: viscous coppery potion -
protection ##### ###....####### # #####.#.#.........### #.#...... #..........#
.#....... #.......... ........## ##.....#### ......†@.## ##......##.[
#.####.##.###..#.#.###.) #. ##.#[.##.#.# #<) #. ##......#.# #.. .. #.#.####.#
#.. .# #.#.####.# #.. #. ..#......###.. #. .########...... .. ..###.. Turn 6803
on D:8: Killed like three steam dragons already. #### ..# #.# ####.##### #
#........# #.#.##.###.# #.#.##.# #@# #......# #..^.# ###.#### #..≈P...^
#.##.###........ #.....##..≈..≈≈. ####.###....≈..###### ###.###..≈..####....####
#.....#.#####.#.#....... #.#.#.#.#......# #...... Turn 6852 on D:8: Four steam
dragons. .........# ..........## ..P...P^..P## ....P...P...## P.P........F.#
.............#.. .P.........P.... ........@....... P....>8<..$.....
......>......... .P.......(.P.... .............>.. P.P.......P.....
....P...P....... ..........P#.... ....####....#.. Turn 8130 on Lair:1: Three
freaking burning bushes here. .## ..#### #.#..# ###### ##....## ##P##P###
##......## #.......# ###.....#..###........ #......#.#..#.........
####.....#.∩.#........... #......:@.#.#...[........ #P.........#..##.........
##...........###......... ###.........# ##........ #.#######.## #........ ###
### #####.P## #### Turn 8251 on Lair:1: Ice cave in southwest. Book of Changes
here too.

Levels and vault maps discovered:
D:1:      dpeg_arrival_pond, layout_basic, shapermc_ecumenical_altar_flowoftime,
          grunt_decor_mini_mirrors
D:2:      layout_loops_corners, serial_shops, nicolae_lakefront_shop
D:3:      layout_loops_cross, chequers_garden
D:4:      layout_layer_cave, nicolae_overflow_squiral, minmay_vboxes
D:5:      layout_rooms
D:6:      layout_loops_ring, minmay_temple_entry_large_hall, uniq_grinder
D:7:      layout_loops_cross, enter_bailey_4, uniq_joseph, uniq_pikel
D:8:      kennysheep_steamy, layout_loops_cross, uniq_psyche
D:9:      layout_basic, lair_entry_dummy, serial_shops,
          nicolae_shop_hallway_plus
Temple:   mainiacjoe_temple_cubbyholes
Lair:1:   layout_cave_pods, portal_ice_cave_entry_pillars_2, evilmike_ambush
          [evilmike_ambush_outer_basic, evilmike_ambush_inner_basic]
IceCv:    ice_cave_caverns_02

Skill      XL: |  1  2  3  4  5  6  7  8  9 10 11 |
---------------+----------------------------------+-----
Fighting       | 1 2 3 4 6 7 |  7.6
Transmutations | 2 3 4 5 6 7 |  7.1
Spellcasting   | 2 3 |  3.1
Unarmed Combat | 4 5 6 7 9 |  9.6
Earth Magic    | 3 5 6 7 |  7.0
Dodging        | |  1.5

Action                   |  1- 3 |  4- 6 |  7- 9 | 10-12 || total
-------------------------+-------+-------+-------+-------++-------
Melee: Unarmed           |    97 |   124 |   238 |   276 ||   735
       Kick              |     2 |     3 |    27 |    54 ||    86
       Headbutt          |     1 |     3 |    15 |    43 ||    62
       Punch             |     1 |       |     6 |    21 ||    28
Throw: Javelin           |       |     4 |       |       ||     4
       Throwing net      |       |       |     1 |       ||     1
 Cast: Beastly Appendage |     5 |     2 |    12 |    16 ||    35
       Wereblood         |       |     2 |     5 |    12 ||    19
Invok: Curse Item        |       |       |     1 |     1 ||     2
       Shatter the Chain |       |       |       |     1 ||     1
Evoke: Wand              |       |       |     6 |     4 ||    10
  Use: Potion            |       |     2 |     3 |     3 ||     8
       Scroll            |       |       |    13 |     4 ||    17
 Stab: Sleeping          |     2 |       |     1 |       ||     3
       Held in net/web   |       |       |     1 |       ||     1
       Distracted        |       |       |       |     1 ||     1
Armor: Robe              |    27 |    47 |    20 |    35 ||   129
       Steam dragon scal |       |       |    40 |    39 ||    79
Dodge: Dodged            |    47 |    52 |    77 |   129 ||   305
